 Dungeon Crawl Stone Soup version 0.29-a0-384-g6960b1960d (webtiles) character file.

Game seed: 1800307542236787816

6 Bruhh the Ogre Mage (level 1, -4/16 HPs)
             Began as an Ogre Air Elementalist on May 7, 2022.
             Slain by a gnoll
             ... wielding a +0 club
              (7 damage)
             ... on level 1 of the Dungeon.
             The game lasted 00:00:30 (263 turns).

Bruhh the Ogre Mage (Ogre Air Elementalist)          Turns: 263, Time: 00:00:31

Health: -4/16      AC:  3    Str: 11    XL:     1   Next: 90%
Magic:  4/4        EV:  9    Int: 16    God:
Gold:   19         SH:  0    Dex:  9    Spells: 5/6 levels left

rFire   . . .      SeeInvis .   (no weapon)
rCold   . . .      Faith    .   (no shield)
rNeg    . . .      Spirit   .   a - +0 robe
rPois   .          Reflect  .   (helmet restricted)
rElec   .          Harm     .   (no cloak)
rCorr   .          Rampage  .   (gloves unavailable)
Will    .....                   (boots unavailable)
Stlth   +.........              (no amulet)
HPRegen 0.05/turn               (no ring)
MPRegen 0.09/turn               (no ring)

@: no status effects
A: large, unfitting armour, tough skin 1
a: no special abilities


You were on level 1 of the Dungeon.
You visited 1 branch of the dungeon, and saw 1 of its levels.

You collected 19 gold pieces.

Inventory:

Armour
 a - a +0 robe (worn)
Scrolls
 c - a scroll of identify {unknown}


   Skills:
 - Level 1.7 Dodging
 - Level 1.4 Stealth
 + Level 3.1 Spellcasting
 - Level 0.8 Conjurations
 - Level 2.6 Air Magic


You had 5 spell levels left.
You knew the following spells:

 Your Spells              Type           Power      Damage    Failure   Level
a - Shock                 Conj/Air       32%        1d5       9%          1

Your spell library contained the following spells:

 Spells                   Type           Power      Damage    Failure   Level
 Static Discharge         Conj/Air       8%         N/A       14%         2
 Swiftness                Air            11%        N/A       19%         3
 Airstrike                Air            5%         N/A       52%         4


Dungeon Overview and Level Annotations

Branches:
Dungeon (1/15)

Altars:


Innate Abilities, Weirdness & Mutations

You are too large for most types of armour.
You have tough skin. (AC +1)


Message History

The ball python bites you.
The zap hits the ball python.
The ball python is severely wounded.
The ball python bites you but does no damage.
A ball python is nearby!
A ball python is nearby!
The zap hits the ball python.
You kill the ball python!
Your Spellcasting skill increases to level 3!
You can't see any susceptible monsters within range! (Use Z to cast anyway.)
Your magical contamination has completely faded away.
You now have 19 gold pieces (gained 16).
A gnoll and a frilled lizard come into view.
The gnoll shouts!
There are monsters nearby!
There are monsters nearby!
There are monsters nearby!
There are monsters nearby!
The zap misses the frilled lizard.
The zap misses the gnoll.
You miscast Shock.
You are very lightly contaminated with residual magic.
Nothing appears to happen.
The frilled lizard barely misses you.
The zap hits the frilled lizard.
You kill the frilled lizard!
The zap misses the gnoll.
The zap hits the gnoll.
The gnoll is lightly wounded.
The gnoll hits you with a +0 club.
You are too depleted to draw on your mana recklessly!
You are too depleted to draw on your mana recklessly!
A gnoll is nearby!
You are too depleted to draw on your mana recklessly!
You are too depleted to draw on your mana recklessly!
The gnoll attacks as you move away! The gnoll hits you with a +0 club.
The gnoll attacks as you move away! The gnoll hits you with a +0 club.
The gnoll attacks as you move away! The gnoll hits you with a +0 club.
* * * LOW HITPOINT WARNING * * *
Your magical contamination has completely faded away.
Magic courses through your body. The gnoll hits you with a +0 club!
You die...

##########
#..†......
#.######.# #.# #.#
#g# #@#######
#........ #.#######
# # #.# .#. #.# #.#
#.# #.#
#.#######.#.#
##.........#.######
##.#.########.......


You could see a gnoll.

Vanquished Creatures
  An endoplasm (D:1)
  A giant cockroach (D:1)
  2 ball pythons (D:1)
  A frilled lizard (D:1)
  A rat (D:1)
6 creatures vanquished.

Notes
Turn   | Place    | Note
-------+----------+-------------------------------------------
     0 | D:1      | Bruhh the Ogre Air Elementalist began the quest for the
                  | Orb.
     0 | D:1      | Reached XP level 1. HP: 16/16 MP: 3/3
   216 | D:1      | Reached skill level 3 in Spellcasting
   263 | D:1      | Slain by a gnoll

Illustrated notes

Levels and vault maps discovered:
D:1:      giann_wishing_wells, layout_loops_ring,
          chequers_ecumenical_altar_simple_redux

Skill      XL: |  1 |
---------------+----+-----
Spellcasting   | 3 |  3.1
Dodging        | |  1.7
Stealth        | |  1.4
Conjurations   | |  0.8
Air Magic      | |  2.6

Action                   || total
-------------------------++-------
 Cast: Shock             ||    12
  Use: Potion            ||     1
Armor: Robe              ||     3
Dodge: Dodged            ||     1

Table legend: (Time is in decaauts)
 A = Elapsed time spent in this place.
 B = Non-inter-level travel time spent in this place.
 C = Inter-level travel time spent in this place.
 D = Time resting spent in this place.
 E = Time spent auto-exploring this place.
 F = Levels seen in this place.
 G = Mean time per level.
                   A        B        C        D        E       F      G
               +--------+--------+--------+--------+--------+-----+--------+
         Total |    263 |    263 |      0 |      0 |    231 |   1 |  263.0 |
       Dungeon |    263 |    263 |      0 |      0 |    231 |   1 |  263.0 |
               +--------+--------+--------+--------+--------+-----+--------+

Top non-repeatable levels by time:
     D:1: 263 daAuts
